 Dungeon Crawl Stone Soup version 0.27.1-33-g824d729ab1 (webtiles) character file.

Game seed: 11879628672801341666

99 pkoi the Ruffian (level 4, -2/36 HPs)
             Began as a Draconian Gladiator on Dec 4, 2021.
             Succumbed to Ijyb's poison
             ... while paralysed by Ijyb
             ... on level 3 of the Dungeon.
             The game lasted 00:02:06 (2215 turns).

pkoi the Ruffian (Draconian Gladiator)              Turns: 2215, Time: 00:02:07

Health: -2/36      AC:  5    Str: 17    XL:     4   Next: 45%
Magic:  4/4        EV:  2    Int:  9    God:
Gold:   137        SH:  0    Dex: 12    Spells: 3/3 levels left

rFire    . . .     SeeInvis .     - Unarmed
rCold    . . .     Faith    .   (no shield)
rNeg     . . .     Spirit   .   (armour unavailable)
rPois    .         Reflect  .   a - +0 hat
rElec    .         Harm     .   (no cloak)
rCorr    .         Rampage  .   (no gloves)
Will     .....                  (no boots)
Stlth    +.........             (no amulet)
HPRegen  0.12/turn              (no ring)
MPRegen  0.09/turn              (no ring)

@: paralysed, lethally poisoned (-2 -> -22)
A: AC +5, unfitting armour, cold-blooded
a: no special abilities


You were on level 3 of the Dungeon.
You visited 1 branch of the dungeon, and saw 3 of its levels.

You collected 137 gold pieces.

Inventory:

Hand Weapons
 c - a +2 whip of draining
Missiles
 b - 3 throwing nets (quivered)
Armour
 a - a +0 hat (worn)
 d - a +0 pair of boots
Scrolls
 e - a scroll of amnesia
 h - a scroll of teleportation
Potions
 f - a potion of heal wounds {unknown}
 g - a potion of curing {unknown}
 i - a potion of degeneration {unknown}


   Skills:
 - Level 2.1 Fighting
 - Level 1.7 Throwing
 - Level 2.6 Dodging
 + Level 5.3 Unarmed Combat


You had 3 spell levels left.
You didn't know any spells.
Your spell library contained the following spells:

 Spells                   Type           Power      Damage    Failure   Level
 Frozen Ramparts          Ice            0%         1d2       77%         3
 Ice Form                 Ice/Tmut       0%         N/A       99%         4
 Summon Ice Beast         Ice/Summ       0%         N/A       99%         4


Dungeon Overview and Level Annotations

Branches:
Dungeon (3/15)

Altars:

Annotations:
D:3 Ijyb


Innate Abilities, Weirdness & Mutations

Your plain brown scales are hard. (AC +5)
You cannot fit into any form of body armour.
You are cold-blooded and may be slowed by cold attacks.


Message History

You feel sick. Ijyb closely misses you.
You hit Ijyb. You drain Ijyb.
Ijyb is lightly wounded.
You feel sick.
Ijyb zaps a wand.
You suddenly lose the ability to move!
You feel sick. Ijyb barely misses you.
You feel sick.
Ijyb zaps a wand.
You shrug off the repeated paralysis!
You feel sick.
Ijyb zaps a wand.
You resist with some effort.
You feel sick.
You are no longer poisoned.
Ijyb hits you but does no damage.
You can move again.
Unknown command.
You are now empty-handed.
You hit Ijyb but do no damage.
Ijyb is lightly wounded.
Ijyb grins evilly.
Ijyb hits you with a +0 dagger of venom.
* * * LOW HITPOINT WARNING * * *
You closely miss Ijyb. You tail-slap Ijyb, but do no damage.
Ijyb is lightly wounded.
Ijyb hits you but does no damage.
You are poisoned.
You hit Ijyb but do no damage.
Your tail-slap misses Ijyb.
Ijyb is lightly wounded.
* * * LOW HITPOINT WARNING * * *
You feel sick.
Ijyb zaps a wand.
You suddenly lose the ability to move!
The now-empty wand crumbles to dust.
* * * LOW HITPOINT WARNING * * *
You feel sick. Ijyb hits you but does no damage.
You are lethally poisoned!
* * * LOW HITPOINT WARNING * * *
You feel very sick.
Ijyb screams, "No!
No, no, no, no!"
Ijyb hits you but does no damage.
* * * LOW HITPOINT WARNING * * *
You feel sick.
Ijyb hits you with a +0 dagger of venom.
* * * LOW HITPOINT WARNING * * *
You are more poisoned.
You die...

#.............#####
########..#####
#.†# #..# #.## #
.#.# #.#####.#.#
#....g..#.#
#''@###.# #.......#
#########


You could see Ijyb (drained).

Vanquished Creatures
  An orc wizard (D:2)
  2 adders
  A dart slug (D:3)
  7 orcs
  4 ball pythons
  4 bats
  3 endoplasms (D:2)
  2 giant cockroaches (D:2)
  3 goblins
  5 hobgoblins
  2 quokkas (D:2)
  5 frilled lizards
  A kobold (D:1)
  5 rats
45 creatures vanquished.

Notes
Turn   | Place    | Note
-------+----------+-------------------------------------------
     0 | D:1      | pkoi the Draconian Gladiator began the quest for the Orb.
     0 | D:1      | Reached XP level 1. HP: 17/17 MP: 1/1
   187 | D:1      | Found a faded altar of an unknown god.
   261 | D:1      | Reached XP level 2. HP: 21/24 MP: 2/2
   723 | D:2      | Reached skill level 4 in Unarmed Combat
  1105 | D:2      | Reached XP level 3. HP: 23/29 MP: 3/3
  1698 | D:3      | Reached XP level 4. HP: 32/36 MP: 4/4
  1731 | D:2      | Reached skill level 5 in Unarmed Combat
  2191 | D:3      | Noticed Ijyb
  2193 | D:3      | Paralysed by Ijyb for 6 turns
  2203 | D:3      | Paralysed by Ijyb for 5 turns
  2211 | D:3      | Paralysed by Ijyb for 7 turns
  2215 | D:3      | Succumbed to Ijyb's poison

Illustrated notes

Levels and vault maps discovered:
D:1:      mrwooster_arrival_statue_2, layout_rooms,
          hellmonk_ecumenical_altar_heavens_door
D:2:      layout_basic, grunt_decor_junction
D:3:      layout_rooms, mainiacjoe_overflow_alcove_4, uniq_ijyb,
          uniq_crazy_yiuf_cottage, uniq_jessica

Skill      XL: |  1  2  3  4 |
---------------+-------------+-----
Unarmed Combat | 4 5 |  5.3
Fighting       | |  2.1
Throwing       | |  1.7
Dodging        | |  2.6

Action                   |  1- 3 |  4- 6 || total
-------------------------+-------+-------++-------
Melee: Whip              |    96 |    17 ||   113
       Unarmed           |     5 |    10 ||    15
       Tailslap          |     4 |     5 ||     9
       Punch             |     1 |       ||     1
  Use: Scroll            |     4 |       ||     4
 Stab: Sleeping          |     1 |       ||     1
Armor: Skin              |    29 |    12 ||    41
Dodge: Dodged            |    70 |    10 ||    80
